 Dungeon Crawl Stone Soup version 0.22.1-1-ga44c0e5 (webtiles) character file.

67 Fang the Skirmisher (level 4, -8/29 HPs)
             Began as a Gargoyle Berserker on Oct 23, 2018.
             Was a Follower of Trog.
             Shot with an arrow by a centaur (17 damage)
             ... on level 2 of the Dungeon.
             The game lasted 00:00:41 (710 turns).

Fang the Skirmisher (Gargoyle Berserker)             Turns: 710, Time: 00:00:41

Health: -8/29      AC:  5    Str: 22    XL:     4   Next: 18%
Magic:  4/4        EV: 12    Int:  7    God:    Trog [*.....]
Gold:   13         SH:  0    Dex:  9    Spells: 3/3 levels left

rFire    . . .     SeeInvis .   a - +0 hand axe
rCold    . . .     Gourm    .   (no shield)
rNeg     + . .     Faith    .   b - +0 animal skin
rPois    ∞         Spirit   .   (no helmet)
rElec    +         Reflect  .   (no cloak)
rCorr    .         Harm     .   (no gloves)
MR       .....                  (no boots)
Stlth    +.........             (no amulet)
HPRegen  0.09/turn              (no ring)
MPRegen  0.09/turn              (no ring)

@: no status effects
A: negative energy resistance 1, electricity resistance, unbreathing,
petrification resistance, rot immunity, AC +3
a: Berserk, Renounce Religion


You were on level 2 of the Dungeon.
You worshipped Trog.
Trog was aware of your devotion.
You were not hungry.

You visited 1 branch of the dungeon, and saw 2 of its levels.

You collected 13 gold pieces.

Inventory:

Hand Weapons
 a - a +0 hand axe (weapon)
Armour
 b - a +0 animal skin (worn)
Scrolls
 e - a scroll of noise {unknown}
 f - a scroll of remove curse {unknown}
Potions
 d - a potion of curing {unknown}
 g - a potion of invisibility {unknown}
Comestibles
 c - a ration


   Skills:
 + Level 4.0 Fighting
 + Level 3.8 Axes
 + Level 2.3 Armour
 + Level 1.8 Dodging


You had 3 spell levels left.
You didn't know any spells.
Your spell library was empty.

Dungeon Overview and Level Annotations

Branches:
Dungeon (1/15)

Altars:
Gozag
Hepliaklqana


Innate Abilities, Weirdness & Mutations

You are resistant to torment.
Your stone body is resilient. (AC +3)
You are immune to poison.
You resist negative energy. (rN+)
You are resistant to electric shocks. (rElec)
You can survive without breathing.
You are immune to petrification.
You are immune to rotting.


Message History

Found a stone staircase leading up.
Things that are here:
an arrow; 24 stones A centaur is nearby!
A centaur is nearby!
The centaur shoots an arrow.
The arrow hits you!
You see here an arrow.
The centaur shoots an arrow.
The arrow barely misses you.
The centaur shoots an arrow.
The arrow hits you.
Found a scroll labeled VYD XEAWKYFU.
You see here 2 arrows.
You are too injured to fight recklessly!
You are too injured to fight recklessly!
You are too injured to fight recklessly!
You are too injured to fight recklessly!
The centaur shoots an arrow.
The arrow closely misses you.
You see here an arrow.
The centaur shoots an arrow.
The arrow hits you!
Ouch! That really hurt!
You die...

### #.........
#........#
########.####...<....#
.....................#
########.# #.....c...#
###.####........##.
#....?......#......
#.#.# ##(.(@....#
######.#.###(..##.......
...........(......######
##.###.##.......###
#..<..##.......#
##.######.......# .>.#
##......# #### ########


You could see a centaur.

Vanquished Creatures
  3 adders (D:2)
  An ooze (D:2)
  A worm (D:2)
  2 dart slugs (D:2)
  5 leopard geckos
  A giant cockroach (D:2)
  4 goblins
  3 hobgoblins
  A quokka (D:2)
  2 frilled lizards
  2 rats
25 creatures vanquished.

Notes
Turn   | Place    | Note
-------+----------+-------------------------------------------
     0 | D:1      | Fang the Gargoyle Berserker began the quest for the Orb.
     0 | D:1      | Reached XP level 1. HP: 14/14 MP: 1/1
    45 | D:1      | Reached XP level 2. HP: 14/19 MP: 2/2
   285 | D:1      | You fall through a shaft!
   302 | D:2      | Reached XP level 3. HP: 16/24 MP: 3/3
   559 | D:2      | Found a hazy altar of Hepliaklqana.
   633 | D:2      | Reached XP level 4. HP: 28/29 MP: 4/4
   642 | D:2      | Found an opulent altar of Gozag.
   702 | D:2      | Reached skill level 4 in Fighting
   705 | D:2      | Noticed a centaur
   710 | D:2      | Shot with an arrow by a centaur

Skill      XL: |  1  2  3  4 |
---------------+-------------+-----
Axes           | 3 |  3.8
Fighting       | 4 |  4.0
Armour         | |  2.3
Dodging        | |  1.8

Action                   |  1- 3 |  4- 6 || total
-------------------------+-------+-------++-------
Melee: Hand axe          |    66 |    10 ||    76
Invok: Berserk           |     2 |       ||     2
  Eat: Chunk             |     1 |       ||     1
Armor: Animal skin       |    20 |     2 ||    22
Dodge: Dodged            |    56 |     9 ||    65
